Map: Orbital Shipyard

Players

LilDicky

  • Race: Terran Terran
  • League: Platinum

Tesla - Winner!

  • Race: Terran Terran
  • League: Platinum

VOD

http://www.twitch.tv/tumescentpie

Description

Time

  • Played on: Nov. 20, 2015, 12:26 p.m.
  • Length: 15:27
Show
View Real Time Build Order
Export as new Build Order

LilDicky Terran 

Build Orders: Command Center First (CC), MMM Bio 

Get SALT Encoding   

  12  0:01  SCV  
  13  0:13  SCV  
  14  0:18  Supply Depot  
  14  0:25  SCV  
  15  0:39  SCV  
  16  0:51  SCV  
  17  1:00  Command Center  
  17  1:06  SCV  
  18  1:15  Barracks  
  18  1:18  SCV  
  19  1:30  SCV  
  19  1:42  SCV  
  20  1:57  SCV  
  21  2:04  Marine  
  21  2:05  Supply Depot  
  22  2:09  Orbital Command  
  22  2:12  Orbital Command  
  22  2:21  Barracks  
  22  2:23  Barracks, Marine  
  22  2:39  SCV  
  22  2:40  Refinery  
  22  2:41  SCV, Refinery, Marine  
  25  2:51  SCV  
  25  2:54  SCV  
  27  2:59  Marine  
  28  3:07  SCV  
  28  3:08  SCV  
  30  3:13  Marine x2  
  30  3:18  Marine  
  30  3:19  SCV  
  34  3:24  SCV  
  35  3:30  Command Center  
  35  3:31  SCV  
  34  3:43  Marine x3  
  35  3:52  Factory  
  35  3:54  Command Center, SCV  
  35  3:55  SCV  
  37  4:01  Marine x2  
  39  4:05  Barracks Tech Lab  
  39  4:12  SCV  
  40  4:19  Marine  
  42  4:25  Stimpack  
  42  4:26  Marauder  
  42  4:27  Barracks Tech Lab  
  42  4:28  SCV  
  42  4:30  SCV  
  45  4:35  Barracks  
  45  4:36  Barracks  
  45  4:38  Factory Reactor  
  45  4:39  Starport  
  45  4:40  SCV  
  46  4:49  Supply Depot  
  46  4:54  Combat Shields  
  46  4:55  Marine x2  
  46  4:56  SCV x2  
  46  4:57  Marine  
  51  5:08  SCV x2, Orbital Command  
  51  5:13  Marine  
  52  5:20  Marine  
  52  5:21  Marine  
  54  5:24  Marine x2  
  54  5:25  Medivac  
  54  5:39  Marauder  
  54  5:40  Orbital Command  
  55  5:43  Marine x2  
  55  5:44  Widow Mine  
  59  5:52  Marine  
  59  5:53  Marauder  
  62  5:58  SCV  
  62  6:00  Marauder  
  62  6:01  Refinery  
  62  6:02  Refinery  
  65  6:04  Marine x2  
  67  6:14  Marauder  
  69  6:25  SCV x2  
  71  6:26  SCV  
  71  6:30  Supply Depot  
  71  6:31  Supply Depot  
  72  6:33  Marine x2  
  72  6:34  Engineering Bay, Marauder  
  72  6:36  Engineering Bay, Marine  
  77  6:51  SCV, Medivac, Marine x3  
  77  6:54  Marine  
  83  6:55  Marauder  
  80  7:09  Marauder, Marine x2  
  80  7:11  Marine  
  82  7:17  Marauder  
  77  7:27  Marine x2  
  77  7:29  Marine  
  77  7:31  Marauder  
  77  7:34  Missile Turret x2  
  72  7:48  Marine x2  
  72  7:49  Marauder  
  72  7:51  Marine, Medivac x2  
  80  7:52  Marine  
  80  7:55  SCV x2  
  80  7:56  SCV  
  85  8:06  Marine x2  
  85  8:07  SCV x2  
  85  8:09  SCV, Marine  
  85  8:10  Marauder  
  93  8:17  Supply Depot  
  93  8:28  SCV x2, Marine x4, Widow Mine  
  93  8:29  Missile Turret  
  93  8:30  Supply Depot  
  93  8:31  Missile Turret, Marauder  
  85  8:46  Marauder, Marine x3  
  84  8:52  Marine  
  85  9:04  Marine  
  85  9:08  Marauder  
  88  9:18  Marine  
  87  9:25  Marine  
  87  9:26  Marine x2  
  87  9:29  Marine  
  91  9:36  Marine  
  92  9:43  Marine x3  
  92  9:46  Marine  
  88  9:54  Marine  
  89  10:01  Marine x2  
  89  10:02  Marauder  
  89  10:05  Marauder  
  93  10:12  Marine  
  94  10:19  Marine x2  
  90  10:23  Marauder  
  90  10:24  Barracks x3  
  90  10:26  Marine  
  90  10:30  Marine  
  91  10:36  Marine  
  91  10:37  Marine  
  88  10:43  Command Center, Marine  
  88  10:44  Marine  
  88  10:48  Marine  
  91  10:54  Marine  
  91  10:55  Marine  
  91  11:01  Marine  
  91  11:02  Marine  
  93  11:05  Marine  
  93  11:10  Terran Infantry Weapons Level 1, Terran Infantry Armor Level 1  
  86  11:12  Marine  
  86  11:13  Medivac x2, Marine  
  86  11:16  Barracks Reactor x2  
  90  11:19  Factory Tech Lab  
  90  11:20  Marauder x2  
  90  11:23  Marine  
  90  11:24  Barracks  
  90  11:25  Supply Depot, Barracks  
  95  11:26  Barracks  
  95  11:30  Missile Turret, Marine x2  
  97  11:33  Marine  
  97  11:35  SCV x2  
  97  11:37  SCV  
  101  11:41  Marauder, Marine  
  101  11:42  Marauder  
  101  11:43  Medivac x2  
  101  11:44  Missile Turret  
  101  11:46  Supply Depot  
  111  11:47  SCV  
  111  11:48  Supply Depot, Marine x2  
  111  11:51  Marine  
  114  11:54  Marine  
  114  11:55  Marine x2  
  114  11:59  Marine  
  114  12:00  Marine  
  119  12:02  Marine x2  
  119  12:05  Orbital Command, Marine  
  119  12:06  Marine  
  123  12:09  Marine  
  123  12:12  Supply Depot, Marine  
  85  12:20  Marauder, Marine x3  
  85  12:21  Marauder  
  80  12:25  Marine x2  
  82  12:30  Marine x2  
  84  12:41  Marine x3  
  84  12:42  Marauder x2  
  91  12:45  Siege Tank  
  91  12:46  Medivac x2  
  91  12:47  SCV, Marine x3  
  91  12:48  SCV x2  
  104  12:55  Supply Depot  
  104  13:01  Armory, Marine  
  104  13:02  Marine  
  104  13:03  Marauder  
  104  13:04  Barracks Reactor x4, Marauder  
  97  13:24  Marauder  
  84  13:34  Marine x2  
  78  13:35  Marauder  
  81  13:46  Marauder  
  83  13:56  Marauder  
  81  14:07  Marauder  
  69  14:10  Marine x3  
  69  14:12  Orbital Command  
  68  14:23  Marine  
  68  14:24  Marauder, Marine x6  
  67  14:25  Marine  
  67  14:28  Marauder  
  67  14:29  SCV  
  67  14:30  SCV  
  80  14:38  SCV  
  81  14:42  SCV x3, Marine x2  
  81  14:44  Marine x3  
  81  14:45  Marine x3  
  92  14:46  Marauder  
  92  14:50  SCV, Marauder  
  76  15:05  Marine x5  
Show
View Real Time Build Order
Export as new Build Order

Tesla Terran - Winner!

Build Orders:  

Get SALT Encoding   

  12  0:01  SCV  
  13  0:13  SCV  
  14  0:22  Supply Depot  
  14  0:25  SCV  
  15  0:30  Refinery  
  15  0:43  SCV  
  15  0:47  Barracks  
  16  0:55  SCV  
  17  1:07  SCV  
  17  1:09  Refinery  
  18  1:21  SCV  
  19  1:36  Orbital Command  
  19  1:37  Reaper  
  19  1:39  Supply Depot  
  20  1:50  Barracks  
  20  2:05  SCV  
  21  2:11  Factory  
  21  2:15  Reaper  
  22  2:21  SCV  
  24  2:37  SCV  
  24  2:38  Reaper  
  24  2:43  Supply Depot  
  25  2:53  Reaper  
  25  2:54  SCV  
  26  3:06  SCV  
  27  3:13  Starport, Factory Reactor  
  27  3:16  Factory Tech Lab  
  27  3:19  SCV  
  28  3:20  Armory, Reaper  
  29  3:27  Reaper  
  29  3:31  SCV  
  31  3:48  SCV  
  31  3:50  Medivac  
  34  4:01  Reaper x2  
  34  4:02  SCV  
  36  4:21  SCV  
  37  4:24  Command Center  
  37  4:33  SCV  
  37  4:37  Supply Depot  
  38  4:40  Thor  
  44  4:50  Barracks Tech Lab  
  44  4:51  Marine  
  45  5:05  SCV  
  45  5:18  SCV  
  46  5:31  Liberator  
  45  5:44  SCV  
  49  5:50  Siege Tank, Marine  
  49  5:51  Marauder  
  49  5:55  Orbital Command  
  55  5:57  Supply Depot  
  55  5:58  SCV  
  56  6:09  Refinery, Stimpack  
  56  6:10  SCV  
  57  6:11  Refinery  
  57  6:19  Command Center  
  57  6:22  SCV  
  57  6:23  SCV  
  59  6:34  SCV, Medivac  
  59  6:35  SCV  
  59  6:36  Marauder, Marine  
  66  6:42  Supply Depot  
  66  6:43  Barracks  
  66  6:46  SCV  
  64  7:03  Marauder  
  66  7:13  SCV  
  66  7:14  Marine  
  68  7:25  Marauder  
  68  7:29  SCV  
  71  7:43  SCV  
  72  7:47  Marauder, Marine x2  
  72  7:49  SCV  
  77  7:55  Barracks  
  77  7:57  Barracks  
  77  7:58  Barracks x2, Starport Reactor  
  77  8:00  Siege Tank  
  77  8:02  Command Center, Engineering Bay  
  77  8:03  SCV  
  77  8:04  SCV, Engineering Bay  
  82  8:20  Marine  
  82  8:21  Marauder, Marine  
  82  8:25  Barracks  
  83  8:38  Marine  
  73  8:41  Marine  
  73  8:42  Command Center, Marauder  
  74  8:56  Marine  
  74  8:59  Marine  
  74  9:03  Marauder  
  74  9:05  SCV x2  
  74  9:07  Terran Infantry Weapons Level 1, Terran Infantry Armor Level 1  
  77  9:17  Marine  
  76  9:25  SCV x2, Orbital Command  
  78  9:32  Marine x3  
  78  9:37  SCV x2, Barracks, Medivac x2  
  87  9:38  Siege Tank  
  87  9:40  Barracks  
  88  9:49  SCV  
  88  9:52  Marine x3  
  90  9:53  Marine  
  90  9:59  SCV x2  
  87  10:09  Medivac  
  87  10:10  Marine x4  
  87  10:11  SCV x3  
  90  10:28  Marine x4  
  91  10:32  SCV x3  
  96  10:36  Orbital Command  
  90  10:46  Marine x2  
  92  10:57  SCV  
  87  11:03  Marine x4  
  84  11:10  SCV x3  
  85  11:18  SCV  
  86  11:20  Marine x2  
  86  11:22  SCV x3, Marine x2  
  93  11:30  SCV  
  94  11:34  SCV x3  
  94  11:38  Marine  
  94  11:39  Marine  
  99  11:40  Marine  
  99  11:42  SCV  
  99  11:46  SCV x3  
  104  11:49  Terran Infantry Weapons Level 2  
  104  11:50  Terran Infantry Armor Level 2  
  105  11:54  SCV  
  105  11:56  Barracks Tech Lab  
  105  11:58  SCV x3  
  105  11:59  Marine x3  
  111  12:06  SCV  
  112  12:10  SCV x2  
  101  12:17  Marauder, Marine x4  
  101  12:18  Marine  
  108  12:29  Siege Tank  
  109  12:35  Barracks, Marine x2  
  111  12:38  Terran Vehicle And Ship Armor Level 1, SCV  
  111  12:39  SCV x2  
  111  12:42  SCV  
  115  12:51  SCV  
  116  12:58  Barracks Reactor x5  
  116  13:00  Combat Shields  
  116  13:05  Supply Depot  
  116  13:06  SCV x2, Supply Depot, Marauder  
  116  13:07  Siege Tank  
  102  13:28  Marauder  
  101  13:39  Widow Mine  
  100  13:48  Marine  
  100  13:49  Marine x6  
  100  13:52  Barracks Tech Lab  
  100  13:54  Marine x4  
  111  13:56  Supply Depot  
  111  13:57  SCV x3  
  111  13:58  Supply Depot  
  111  13:59  Command Center  
  111  14:06  Marine  
  111  14:07  Widow Mine  
  109  14:11  SCV  
  109  14:12  SCV x3  
  113  14:22  Marauder, Marine x6  
  118  14:24  Marine  
  118  14:29  Medivac x2  
  118  14:30  SCV x2  
  125  14:31  SCV, Refinery  
  125  14:32  SCV, Refinery, Marine x2  
  125  14:37  Supply Depot  
  129  14:39  Supply Depot  
  129  14:40  Marine x5  
  129  14:41  Barracks, Marine  
  129  14:42  Marauder, Marine  
  129  14:43  Barracks, Marauder  
  140  14:59  Marine x4  
  142  15:00  Marine x2  
  142  15:03  Marine  
  142  15:04  Marauder  
  142  15:05  Marauder  
  155  15:13  SCV x4  
Tags
 
Add a new tag
Caveats
  • Supply blocks, unpowered buildings, or Contaminate may cause inaccurate times.
  • Supply counts are checked every 10 seconds.